 Dungeon Crawl Stone Soup version 0.21.1-1-g345015fe64 (webtiles) character file.

5793 Gargoyl the Schismatic (level 10, -3/92 HPs)
             Began as a Centaur Abyssal Knight on Mar 28, 2018.
             Was an Elder of Lugonu.
             Slain by a two-headed ogre
             ... wielding a +0 giant club
              (10 damage)
             ... on level 9 of the Dungeon.
             The game lasted 00:16:53 (12004 turns).

Gargoyl the Schismatic (Centaur Abyssal Knight)    Turns: 12004, Time: 00:16:53

Health: -3/92      AC: 18    Str: 21    XL:     10   Next: 50%
Magic:  16/16      EV:  5    Int:  9    God:    Lugonu [****..]
Gold:   850        SH:  0    Dex: 12    Spells: 9/9 levels left

rFire    + . .     SeeInvis .   a - +2 hand axe
rCold    . . .     Gourm    .   (no shield)
rNeg     + . .     Faith    .   n - +0 plate armour
rPois    .         Spirit   .   d - +2 helmet
rElec    .         Reflect  .   E - +2 cloak
rCorr    .         Harm     .   (no gloves)
MR       .....                  (no barding)
Stlth    ..........             (no amulet)
HPRegen  0.25/turn              p - ring of positive energy
MPRegen  0.15/turn              B - +6 ring of strength

@: very quick
A: large, hooves 3, blurry vision 2, deformed body, dopey 1, fire resistance 1,
speed 2, robust 1, tough skin 3
a: Depart the Abyss, Bend Space, Banish, Corrupt, Renounce Religion


You were on level 9 of the Dungeon.
You worshipped Lugonu.
Lugonu was greatly pleased with you.
You were not hungry.

You visited 1 branch of the dungeon, and saw 10 of its levels.
You visited the Abyss 1 time.
You also visited: Ossuary.

You collected 850 gold pieces.

Inventory:

Hand Weapons
 a - a +2 hand axe (weapon)
Missiles
 C - a javelin (quivered)
Armour
 d - a +2 helmet (worn)
 n - a +0 plate armour (worn)
 E - a +2 cloak (worn)
Jewellery
 b - a +3 ring of evasion {unknown}
 p - a ring of positive energy (left hand)
 B - a +6 ring of strength (right hand)
Wands
 g - a wand of random effects (73)
 k - a wand of scattershot (8)
 o - a wand of iceblast (15)
 z - a wand of flame (22)
Scrolls
 e - a scroll of remove curse
 h - 6 scrolls of teleportation
 m - 5 scrolls of identify
 q - a scroll of immolation {unknown}
 r - 5 scrolls of fear
 D - a scroll of amnesia
Potions
 f - a potion of flight
 i - a potion of might
 j - 2 potions of agility
 l - a potion of brilliance
 s - a potion of cancellation
 u - 2 potions of magic
 v - 5 potions of curing
 x - a potion of lignification {unknown}
Books
 w - a book of Frost

   Spells                             Type                      Level
   a - Freeze                         Ice                          1
   b - Throw Frost                    Conjuration/Ice              2
   c - Ozocubu's Armour               Charms/Ice                   3
   d - Throw Icicle                   Conjuration/Ice              4
   e - Summon Ice Beast               Ice/Summoning                4
 y - a book of Air

   Spells                             Type                      Level
   a - Shock                          Conjuration/Air              1
   b - Swiftness                      Charms/Air                   2
   c - Static Discharge               Conjuration/Air              3
   d - Airstrike                      Air                          4
   e - Lightning Bolt                 Conjuration/Air              5
Comestibles
 c - 15 rations
 t - 13 chunks of flesh


   Skills:
 + Level 6.4 Fighting
 + Level 7.9 Axes
 + Level 0.2 Throwing
 * Level 7.6 Armour
 + Level 1.3 Dodging
 * Level 8.0 Invocations


You had 9 spell levels left.
You didn't know any spells.

Dungeon Overview and Level Annotations

Branches:
Dungeon (10/15)            Temple (0/1) D:5
   Lair: D:8-11         Orc: D:9-12

Altars:
Ashenzari
Dithmenos
Elyvilon
Fedhas
Gozag
Makhleb
Qazlal
Ru
Uskayaw
Vehumet
Zin
The Shining One
Beogh

Annotations:
D:7 1 transporter


Innate Abilities, Weirdness & Mutations

You have hooves in place of feet.
Armour fits poorly on your strangely shaped body.
You cover ground very quickly.
You have extremely tough skin. (AC +3)
Scrolls take you longer to read.
You are dopey. (Int -2)
Your flesh is heat resistant. (rF+)
You are robust. (+10% HP)


Message History

The two-headed ogre hits you with a giant club!
The two-headed ogre barely misses you.
You slash the two-headed ogre! You kick the two-headed ogre.
The two-headed ogre is severely wounded.
The two-headed ogre hits you with a giant club. x2
You hit the two-headed ogre but do no damage.
Your kick misses the two-headed ogre.
The two-headed ogre is severely wounded.
You hit the two-headed ogre. Your kick misses the two-headed ogre.
The two-headed ogre is severely wounded.
The two-headed ogre hits you with a giant club!
* * * LOW HITPOINT WARNING * * *
The two-headed ogre hits you with a giant club.
* * * LOW HITPOINT WARNING * * *
You hit the two-headed ogre.
The two-headed ogre is severely wounded.
The two-headed ogre hits you with a giant club!
* * * LOW HITPOINT WARNING * * *
The two-headed ogre hits you with a giant club!
You die...

#.##.#..#.### #..# ... .......
)...........# #..# #.# #.#......
)...........# #..####.###.#......
..).......#.# #..##..............
..#####.#.#.# #..##.#............
.......((.#.###..##.#............
..#####..................#..####.
..#####.###(###.............# #.
..#........(.((O@.###.####..# #.
.....[............# #.# #..# #.
..................# #.#####.# #.
....(##.###+#.....# #.#.....## #.
.....##.# #.#...###.#......# #.
#....##.# #.#.......#......# #.
#....##.# #.##...##.#......###.
#....##.# #O###..##............
#....##.# #.# #..##.......#.##.


You could see a two-headed ogre.

Vanquished Creatures
  Pikel (D:6)
  Maurice (D:9)
  Psyche (D:9)
  A hornet (D:8)
  2 hippogriffs (D:9)
  Sigmund (D:3)
  3 yaks (D:9)
  2 hogs (D:7)
  2 hungry ghosts
  A human (D:7)
  A water moccasin (D:9)
  An orc warrior (D:8)
  An ice beast (D:9)
  A necrophage (D:5)
  4 centaurs
  A wyvern zombie (D:10)
  A bullfrog (D:6)
  2 scorpions
  2 howler monkeys
  2 crimson imps
  A quasit (D:8)
  A bullfrog zombie (D:7)
  5 hounds
  2 human zombies (Ossuary)
  A jelly (D:9)
  6 orc priests
  A gnoll shaman (D:7)
  An iron imp (Abyss:1)
  9 orc wizards
  2 bullfrog skeletons
  4 iguanas
  6 worker ants
  5 big kobold zombies (Ossuary)
  A hound skeleton (D:9)
  3 mummies
  3 gnolls (D:7)
  8 adders
  A shadow imp (D:8)
  An ooze (D:2)
  An adder skeleton (D:6)
  A worm (D:3)
  3 dart slugs
  4 leopard geckos
  45 orcs
  7 giant cockroaches
  12 goblins
  5 hobgoblins
  12 jackals
  3 ball pythons
  6 bats
  3 frilled lizards
  2 gnoll zombies (Ossuary)
  2 goblin zombies (Ossuary)
  2 hobgoblin zombies
  6 kobolds
  A kobold zombie (D:7)
  2 orc zombies (Ossuary)
  2 quokka skeletons
  14 rats
225 creatures vanquished.

Vanquished Creatures (others)
  2 hogs (D:7)
  2 orc warriors (D:8)
  An orc wizard (D:8)
5 creatures vanquished.

Grand Total: 230 creatures vanquished

Notes
Turn   | Place    | Note
-------+----------+-------------------------------------------
     0 | Abyss:1  | Gargoyl the Centaur Abyssal Knight began the quest for the Orb.
     0 | Abyss:1  | Reached XP level 1. HP: 19/19 MP: 2/2
    57 | Abyss:1  | Found an ancient bone altar of Kikubaaqudgha.
    95 | Abyss:1  | Found a corrupted altar of Lugonu.
   171 | Abyss:1  | Noticed an iron imp
   180 | Abyss:1  | Noticed a large abomination
   181 | Abyss:1  | Killed an iron imp
   181 | Abyss:1  | Reached XP level 2. HP: 4/27 MP: 3/3
   182 | D:1      | Escaped the Abyss
   451 | D:1      | Reached XP level 3. HP: 33/33 MP: 4/4
   773 | D:1      | Reached * piety under Lugonu
   926 | D:1      | Reached skill level 1 in Dodging
  1296 | D:2      | Reached XP level 4. HP: 39/40 MP: 5/5
  1353 | D:2      | Found a sacrificial altar of Ru.
  1640 | D:2      | Found a shadowy altar of Dithmenos.
  1718 | D:2      | Found a shattered altar of Ashenzari.
  1932 | D:2      | Reached XP level 5. HP: 46/46 MP: 5/7
  2134 | D:3      | Reached ** piety under Lugonu
  2183 | D:3      | Found a stormy altar of Qazlal.
  2184 | D:3      | Found a white marble altar of Elyvilon.
  2185 | D:3      | Found an opulent altar of Gozag.
  2250 | D:3      | Noticed Sigmund
  2269 | D:3      | Killed Sigmund
  2269 | D:3      | Reached skill level 3 in Invocations
  2269 | D:3      | Reached XP level 6. HP: 28/52 MP: 8/8
  4046 | D:5      | Entered Level 5 of the Dungeon
  4052 | D:5      | Reached XP level 7. HP: 56/60 MP: 9/9
  4157 | D:5      | Reached skill level 4 in Invocations
  4583 | D:5      | Gained mutation: Your spells are a little harder to cast, but a little more powerful. [potion of mutation]
  4583 | D:5      | Gained mutation: You tend to lose your temper in combat. [potion of mutation]
  4583 | D:5      | Gained mutation: You are partially covered in rugged brown scales. (AC +1, +3% HP) [potion of mutation]
  4658 | D:5      | Found a staircase to the Ecumenical Temple.
  5042 | D:5      | Reached *** piety under Lugonu
  5252 | D:5      | Reached XP level 8. HP: 34/69 MP: 11/11
  5933 | D:6      | Lost mutation: You are partially covered in rugged brown scales. (AC +1, +3% HP) [potion of mutation]
  5933 | D:6      | Lost mutation: Your spells are a little harder to cast, but a little more powerful. [potion of mutation]
  5933 | D:6      | Gained mutation: You are resistant to hostile enchantments. (MR+) [potion of mutation]
  5933 | D:6      | Gained mutation: Your muscles are strong. (Str +2) [potion of mutation]
  5933 | D:6      | Gained mutation: Your muscles are very strong. (Str +4) [potion of mutation]
  5946 | D:6      | Found a hide-covered altar of Uskayaw.
  5946 | D:6      | Found a faded altar of an unknown god.
  5951 | D:6      | Found a radiant altar of Vehumet.
  5953 | D:6      | Found a glowing golden altar of the Shining One.
  5955 | D:6      | Found a faded altar of an unknown god.
  6236 | D:6      | Noticed Pikel
  6283 | D:6      | Killed Pikel
  6283 | D:6      | Reached skill level 5 in Axes
  6283 | D:6      | Reached skill level 5 in Armour
  6283 | D:6      | Reached skill level 5 in Invocations
  6849 | D:7      | Reached skill level 5 in Fighting
  6893 | D:7      | Found a transporter.
  7064 | D:7      | Found a sand-covered staircase.
  7073 | Ossuary  | Entered an ossuary
  7352 | Ossuary  | Reached XP level 9. HP: 49/74 MP: 13/13
  7868 | D:7      | Reached **** piety under Lugonu
  7976 | D:7      | Reached skill level 6 in Invocations
  8682 | D:8      | Lost mutation: You are resistant to hostile enchantments. (MR+) [potion of mutation]
  8682 | D:8      | Lost mutation: You tend to lose your temper in combat. [potion of mutation]
  8682 | D:8      | Lost mutation: Your muscles are very strong. (Str +4) [potion of mutation]
  8682 | D:8      | Lost mutation: Your muscles are strong. (Str +2) [potion of mutation]
  8682 | D:8      | Gained mutation: You are partially covered in large bone plates. (SH +4) [potion of mutation]
  8682 | D:8      | Gained mutation: You have a pair of small antennae on your head. [potion of mutation]
  8682 | D:8      | Gained mutation: You are robust. (+10% HP) [potion of mutation]
  8682 | D:8      | Gained mutation: You are very robust. (+20% HP) [potion of mutation]
  9045 | D:8      | Paralysed by a hornet for 1 turns
  9378 | D:8      | Found a burning altar of Makhleb.
  9383 | D:8      | Noticed a blizzard demon
  9384 | D:8      | Found a glowing silver altar of Zin.
  9385 | D:8      | Noticed an angel
  9405 | D:8      | Found a runed door.
  9720 | D:8      | HP: 2/90 [orc wizard/magic dart (9)]
 10092 | D:8      | Reached skill level 7 in Invocations
 10110 | D:8      | Lost mutation: You have a pair of small antennae on your head. [potion of mutation]
 10110 | D:8      | Lost mutation: You are partially covered in large bone plates. (SH +4) [potion of mutation]
 10110 | D:8      | Lost mutation: You are very robust. (+20% HP) [potion of mutation]
 10110 | D:8      | Gained mutation: Scrolls take you a little longer to read. [potion of mutation]
 10110 | D:8      | Gained mutation: You are dopey. (Int -2) [potion of mutation]
 10110 | D:8      | Gained mutation: Scrolls take you longer to read. [potion of mutation]
 10110 | D:8      | Gained mutation: Your flesh is heat resistant. (rF+) [potion of mutation]
 10119 | D:8      | Found a roughly hewn altar of Beogh.
 10309 | D:8      | Found a blossoming altar of Fedhas.
 10313 | D:8      | You fall through a shaft for 2 floors!
 10313 | D:10     | Entered Level 10 of the Dungeon
 10397 | D:9      | Reached XP level 10. HP: 42/91 MP: 15/15
 10708 | D:9      | Noticed Maurice
 10723 | D:9      | Noticed Psyche
 10758 | D:9      | Paralysed by something for 2 turns
 10761 | D:9      | Killed Psyche
 10780 | D:9      | Paralysed by something for 5 turns
 10812 | D:9      | Paralysed by something for 7 turns
 10826 | D:9      | Paralysed by Maurice for 4 turns
 10837 | D:9      | Paralysed by Maurice for 2 turns
 10865 | D:9      | Paralysed by something for 3 turns
 10883 | D:9      | Killed Maurice
 11341 | D:9      | Noticed a two-headed ogre
 11958 | D:9      | Reached skill level 8 in Invocations
 12004 | D:9      | Slain by a two-headed ogre

Skill      XL: |  1  2  3  4  5  6  7  8  9 10 |
---------------+-------------------------------+-----
Axes           | 2 3 4 6 7 |  7.9
Dodging        | 1 |  1.3
Armour         | 2 3 4 5 7 |  7.6
Fighting       | 4 5 6 |  6.4
Invocations    | 3 4 5 7 8 |  8.0
Throwing       | |  0.2

Action                   |  1- 3 |  4- 6 |  7- 9 | 10-12 || total
-------------------------+-------+-------+-------+-------++-------
Melee: Hand axe          |    64 |   184 |   491 |   150 ||   889
       Kick              |    14 |    31 |   138 |    52 ||   235
Throw: Javelin           |       |       |     1 |     7 ||     8
Invok: Depart the Abyss  |     1 |       |       |       ||     1
       Banish            |       |       |     6 |       ||     6
       Bend Space        |       |       |     2 |       ||     2
  Use: Scroll            |       |     7 |     8 |       ||    15
       Potion            |       |     2 |     7 |       ||     9
 Stab: Paralysed         |       |     1 |       |       ||     1
  Eat: Chunk             |       |     2 |    12 |     4 ||    18
       Ration            |       |     2 |     8 |       ||    10
Armor: Scale mail        |    46 |       |       |       ||    46
       Chain mail        |     3 |    62 |       |       ||    65
       Plate armour      |       |   103 |   414 |   162 ||   679
Dodge: Dodged            |    29 |    31 |    95 |    38 ||   193
Block: Other             |       |       |    12 |       ||    12
